 Dungeon Crawl Stone Soup version 0.24.0-35-gdb84b6a5db (webtiles) character file.

Game seed: 5611105029255683596, levelgen mode: deterministic

212 Gumption the Purveyor of Pain (level 5, -4/44 HPs)
             Began as a Hill Orc Necromancer on Nov 17, 2019.
             Was an Initiate of Kikubaaqudgha.
             Killed by divine providence
             ... invoked by an orc priest
              (16 damage)
             ... on level 3 of the Dungeon.
             The game lasted 00:29:16 (4321 turns).

Gumption the Purveyor of Pain (HONe)                Turns: 4321, Time: 00:29:17

Health: -4/44      AC:  7    Str: 11    XL:     5   Next: 89%
Magic:  1/8        EV: 11    Int: 16    God:    Kikubaaqudgha [......]
Gold:   90         SH:  0    Dex: 11    Spells: 1/9 levels left

rFire    . . .     SeeInvis .   a - +4 dagger
rCold    . . .     Gourm    .   (no shield)
rNeg     . . .     Faith    .   j - +1 leather armour
rPois    .         Spirit   .   p - +2 helmet
rElec    .         Reflect  .   (no cloak)
rCorr    .         Harm     .   (no gloves)
MR       .....                  (no boots)
Stlth    +.........             (no amulet)
HPRegen  0.14/turn              (no ring)
MPRegen  0.11/turn              (no ring)

@: no status effects
A: no striking features
a: Renounce Religion, Convert to Beogh


You were on level 3 of the Dungeon.
You worshipped Kikubaaqudgha.
Kikubaaqudgha was noncommittal.
You were not hungry.

You visited 1 branch of the dungeon, and saw 3 of its levels.

You collected 90 gold pieces.

Inventory:

Hand Weapons
 a - a +4 dagger (weapon)
 b - a +0 hunting sling
 l - a +0 spear
Missiles
 h - 39 sling bullets
 o - 131 stones (quivered)
Armour
 j - a +1 leather armour (worn)
 p - a +2 helmet (worn)
Jewellery
 q - an uncursed amulet of guardian spirit
Scrolls
 c - a scroll of enchant weapon {unknown}
 d - 2 scrolls of enchant armour
 f - 2 scrolls of immolation
 k - a scroll of amnesia {unknown}
 t - a scroll of remove curse
 u - a scroll of fear {unknown}
 x - a scroll of teleportation {unknown}
Potions
 m - 2 potions of might
 r - a potion of resistance {unknown}
 s - a potion of flight {unknown}
Comestibles
 e - 4 rations
 w - 10 chunks of flesh


   Skills:
 + Level 2.9 Fighting
 - Level 1.5 Dodging
 - Level 1.5 Stealth
 + Level 2.5 Spellcasting
 * Level 5.7 Necromancy


You had one spell level left.
You knew the following spells:

 Your Spells              Type           Power        Failure   Level  Hunger
a - Pain                  Necr           ###.         2%          1    #......
b - Animate Skeleton      Necr           N/A          2%          1    #......
c - Vampiric Draining     Necr           ###.......   8%          3    ###....
z - Regeneration          Chrm/Necr      ##........   24%         3    ###....

Your spell library contained the following spells:

 Spells                   Type           Power        Failure   Level  Hunger
 Animate Dead             Necr           N/A          24%         4    #####..


Dungeon Overview and Level Annotations

Branches:
Dungeon (3/15)

Altars:
Kikubaaqudgha
Okawaru
Xom

Annotations:
D:3 Jessica


Message History

You kill the orc wizard!
Kikubaaqudgha accepts your kill.
You hit the orc priest but do no damage.
The orc priest closely misses you.
Casting: Pain (safe; 2% risk of failure)
Confirm with . or Enter, or press ? or * to list all spells.
Aiming: Pain (safe; 2% risk of failure)
Press: ? - help, Shift-Dir - straight line, f - orc priest
Aim: an orc priest, wielding a +0 flail and wearing a +0 chain mail (chance to defeat MR: 80%)
The orc priest writhes in agony.
Casting: Pain (safe; 2% risk of failure)
Confirm with . or Enter, or press ? or * to list all spells.
Aiming: Pain (safe; 2% risk of failure)
Press: ? - help, Shift-Dir - straight line, f/p - orc priest
Aim: an orc priest, wielding a +0 flail and wearing a +0 chain mail (moderately wounded, chance to defeat MR: 80%)
The orc priest writhes in agony.
The orc priest calls down the wrath of Beogh upon you.
Beogh smites you!
You die...
Kikubaaqudgha rasps: "You have failed me!
Welcome... death!"

#..##. ##..#. ....
#..# . #..#
#.).#####.%##### #
.....So)..(....###.###
#
......####.###........
#.###...## #.o@...#..#
#.##.##..#######.....#
#..#.......# #.###.#
###....###.#.## #Z# #
........##....# #.#
#.....##.#..####.#
..##.#.......ZZZ.Z.#
........####.Z######
..##[#..# #.....


You could see an orc priest.

Vanquished Creatures
  Terence (D:2)
  An orc wizard (D:3)
  Robin (D:2)
  5 adders
  A gnoll (D:2)
  3 worms
  2 dart slugs
  5 orcs
  6 bats
  2 giant cockroaches (D:2)
  8 goblins
  11 hobgoblins
  5 jackals
  A quokka (D:2)
  A ball python (D:1)
  3 frilled lizards
  12 kobolds
  8 rats
76 creatures vanquished.

Vanquished Creatures (collateral kills)
  A giant cockroach (D:2)
  2 goblins (D:2)
  A hobgoblin (D:2)
  A bat (D:2)
  A frilled lizard (D:2)
6 creatures vanquished.

Grand Total: 82 creatures vanquished

Notes
Turn   | Place    | Note
-------+----------+-------------------------------------------
     0 | D:1      | Gumption the Hill Orc Necromancer began the quest for the
                  | Orb.
     0 | D:1      | Reached XP level 1. HP: 14/14 MP: 3/3
     2 | D:1      | Learned a level 1 spell: Animate Skeleton
   554 | D:1      | Reached XP level 2. HP: 19/22 MP: 1/4
   836 | D:1      | Reached skill level 1 in Fighting
  1985 | D:2      | Reached XP level 3. HP: 27/28 MP: 3/5
  2620 | D:2      | Noticed Robin
  2640 | D:2      | Killed Robin
  2640 | D:2      | Reached XP level 4. HP: 30/36 MP: 1/7
  2825 | D:2      | Reached skill level 5 in Necromancy
  3117 | D:2      | Noticed Terence
  3143 | D:2      | Killed Terence
  3143 | D:2      | Reached XP level 5. HP: 30/42 MP: 0/8
  3699 | D:2      | Found a shimmering altar of Xom.
  3702 | D:2      | Found an ancient bone altar of Kikubaaqudgha.
  3710 | D:2      | Found an iron altar of Okawaru.
  3715 | D:2      | Became a worshipper of Kikubaaqudgha
  3881 | D:2      | Learned a level 3 spell: Vampiric Draining
  3885 | D:2      | Learned a level 3 spell: Regeneration
  3887 | D:3      | Noticed Jessica
  4321 | D:3      | Killed from afar by an orc priest

Levels and vault maps discovered:
D:1:      kilobyte_arrival_exit_the_forest, layout_basic
D:2:      layout_basic, grunt_temple_overflow_diamond, uniq_terence, uniq_robin
D:3:      layout_loops_ring, kennysheep_okawaru_gauntlet, uniq_jessica

Skill      XL: |  1  2  3  4 |
---------------+-------------+-----
Fighting       | 1 2 |  2.9
Spellcasting   | 2 |  2.5
Necromancy     | 5 |  5.7
Dodging        | |  1.5
Stealth        | |  1.5

Action                   |  1- 3 |  4- 6 || total
-------------------------+-------+-------++-------
Melee: Dagger            |    24 |   105 ||   129
 Cast: Pain              |    56 |    50 ||   106
       Animate Skeleton  |    15 |    22 ||    37
  Use: Scroll            |     3 |     3 ||     6
       Potion            |       |     1 ||     1
  Eat: Chunk             |     7 |     3 ||    10
       Ration            |       |     1 ||     1
Armor: Robe              |     5 |       ||     5
       Leather armour    |     8 |    43 ||    51
Dodge: Dodged            |    39 |    72 ||   111
